 Dungeon Crawl Stone Soup version 0.21-a0-372-gd0ff781 (webtiles) character file.

175 Kavrick the Magician (level 5, -2/28 HPs)
             Began as a Deep Elf Fire Elementalist on Oct 17, 2017.
             Killed from afar by Ijyb (9 damage)
             ... with a wand of acid (?/15)
             ... on level 4 of the Dungeon.
             The game lasted 00:07:34 (3137 turns).

Kavrick the Magician (Deep Elf Fire Elementalist)   Turns: 3137, Time: 00:07:35

Health: -2/28      AC:  5    Str:  5    XL:     5   Next: 29%
Magic:  10/14      EV: 13    Int: 21    God:
Gold:   159        SH:  0    Dex: 15    Spells: 10/14 levels left

rFire    . . .     SeeInvis .   n - -3 dagger (curse)
rCold    . . .     Gourm    .   (no shield)
rNeg     . . .     Faith    .   a - +0 robe
rPois    .         Spirit   .   (no helmet)
rElec    .         Reflect  .   (no cloak)
rCorr    .         Harm     .   (no gloves)
MR       .....                  e - +2 pair of boots
Stlth    ++........             (no amulet)
HPRegen  0.09/turn              (no ring)
MPRegen  0.14/turn              (no ring)

@: no status effects
A: no striking features
a: no special abilities


You were on level 4 of the Dungeon.
You were not hungry.

You visited 1 branch of the dungeon, and saw 4 of its levels.

You collected 159 gold pieces.

Inventory:

Hand Weapons
 k - a +2 dagger of flaming
 n - a cursed -3 dagger (weapon)
Armour
 a - a +0 robe (worn)
 e - a +2 pair of boots (worn)
Jewellery
 l - an uncursed ring of protection from cold
 o - an uncursed ring of see invisible {unknown}
Wands
 i - a wand of disintegration (9/24)
Scrolls
 d - a scroll of amnesia
 q - a scroll of magic mapping
 s - 2 scrolls of teleportation
 t - a scroll of noise {unknown}
Potions
 f - a potion of heal wounds {unknown}
 g - 2 potions of degeneration {unknown}
 m - 5 potions of curing {unknown}
 p - a potion of agility
Books
 b - a book of Flames

   Spells                             Type                      Level
   a - Flame Tongue                   Conjuration/Fire             1
   b - Throw Flame                    Conjuration/Fire             2
   c - Conjure Flame                  Conjuration/Fire             3
   d - Inner Flame                    Hexes/Fire                   3
   e - Sticky Flame                   Conjuration/Fire             4
   f - Fireball                       Conjuration/Fire             5
Comestibles
 c - 2 bread rations
 h - 2 meat rations
 j - a royal jelly


   Skills:
 - Level 2.4 Dodging
 - Level 2.4 Stealth
 + Level 5.0 Spellcasting
 + Level 3.3 Conjurations
 + Level 4.6 Fire Magic


You had 10 spell levels left.
You knew the following spells:

 Your Spells              Type           Power        Failure   Level  Hunger
a - Flame Tongue          Conj/Fire      ###..        1%          1    None
b - Conjure Flame         Conj/Fire      ###.....     6%          3    ##.....


Dungeon Overview and Level Annotations

Branches:
Dungeon (4/15)
 Temple: D:4-7

Altars:

Annotations:
D:4 Ijyb


Message History

Confirm with . or Enter, or press ? or * to list all spells.
Aiming: Flame Tongue
Press: ? - help, Shift-Dir - straight line, f/p - Ijyb
Aim: Ijyb, wielding a club and wearing a leather armour (moderately wounded)
The flame tongue hits Ijyb.
Ijyb appears unharmed.
Ijyb is moderately wounded.
Ijyb zaps a wand.
The bolt of acid hits you!
Ouch! That really hurt!
You are splashed with acid!
The acid burns!
* * * LOW HITPOINT WARNING * * *
It is a wand of acid (?/15).
Casting: Flame Tongue
Confirm with . or Enter, or press ? or * to list all spells.
Aiming: Flame Tongue
Press: ? - help, Shift-Dir - straight line, f/p - Ijyb
Aim: Ijyb, wielding a club, wearing a leather armour and carrying a wand of acid (?/15) {zapped: 1} (moderately wounded)
The flame tongue hits Ijyb.
Ijyb appears unharmed.
Ijyb is moderately wounded.
Ijyb zaps a wand.
The bolt of acid hits you!
You die...

####.#####
##.# ####
#..# .....
##.## ...
#..# ... #.##
#.#####.#
#.......#
#..@....#
#.......#
.........(#
..#...g#..#.#
......#....#
###....#.#..#
#.#........
#.#.. ...###


You could see Ijyb.

Vanquished Creatures
  A centaur skeleton (D:4)
  3 gnolls (D:2)
  4 adders (D:2)
  An ooze (D:3)
  3 worms
  A leopard gecko (D:1)
  A giant cockroach (D:2)
  10 goblins
  9 hobgoblins
  8 jackals
  3 kobolds
  A quokka (D:3)
  A ball python (D:2)
  9 bats
  6 frilled lizards
  10 rats
71 creatures vanquished.

Notes
Turn   | Place    | Note
-------+----------+-------------------------------------------
     0 | D:1      | Kavrick the Deep Elf Fire Elementalist began the quest for the Orb.
     0 | D:1      | Reached XP level 1. HP: 10/10 MP: 6/6
   304 | D:1      | Reached XP level 2. HP: 15/15 MP: 6/8
   853 | D:2      | Reached XP level 3. HP: 19/19 MP: 1/10
  1370 | D:2      | Reached skill level 4 in Spellcasting
  1400 | D:2      | Reached XP level 4. HP: 18/24 MP: 1/12
  1587 | D:2      | Learned a level 3 spell: Conjure Flame
  2685 | D:3      | Reached XP level 5. HP: 28/28 MP: 7/14
  3092 | D:4      | Reached skill level 5 in Spellcasting
  3132 | D:4      | Noticed Ijyb
  3137 | D:4      | Killed from afar by Ijyb

Vault maps used:
D:1:      minmay_arrival_nine_rooms
D:2:      first_bread, hangedman_glass_teeth
D:3:      minmay_misc_feat_hallway, interstate_on_off
D:4:      uniq_ijyb, uniq_sigmund, uniq_natasha

Skill      XL: |  1  2  3  4  5 |
---------------+----------------+-----
Conjurations   | 2 3 |  3.3
Spellcasting   | 4 5 |  5.0
Fire Magic     | 4 |  4.6
Dodging        | |  2.4
Stealth        | |  2.4

Action                   |  1- 3 |  4- 6 || total
-------------------------+-------+-------++-------
 Cast: Flame Tongue      |    69 |    72 ||   141
       Conjure Flame     |       |     3 ||     3
  Use: Scroll            |     4 |     3 ||     7
  Eat: Chunk             |     1 |     6 ||     7
Armor: Robe              |       |     7 ||     7
Dodge: Dodged            |    11 |    18 ||    29

Table legend:
 A = Spawn XP
 B = Non-spawn XP
 C = Spawn XP percentage of total XP
 D = Spawn monster count
 E = Non-spawn monster count
 F = Spawn count percentage of total count
 G = Total turns spent on level
                    A         B        C        D         E        F      G
               +---------+---------+-------+---------+---------+-------+---------
         Total |       0 |     251 |   0.0 |       0 |      71 |   0.0 |  3137
               +---------+---------+-------+---------+---------+-------+---------
           D:1 |       0 |      25 |   0.0 |       0 |      15 |   0.0 |   712
           D:2 |       0 |     146 |   0.0 |       0 |      34 |   0.0 |  1595
           D:3 |       0 |      40 |   0.0 |       0 |      21 |   0.0 |   773
           D:4 |       0 |      40 |   0.0 |       0 |       1 |   0.0 |    57
               +---------+---------+-------+---------+---------+-------+---------
